 Dungeon Crawl Stone Soup version 0.22-a0-271-gc000056 (webtiles) character file.

1001 grindst0ne the Sneak (level 8, 0/46 HPs)
             Began as an Octopode Wizard on Mar 10, 2018.
             Slain by Grinder (7 damage)
             ... on level 6 of the Dungeon.
             The game lasted 00:22:09 (7150 turns).

grindst0ne the Sneak (Octopode Wizard)              Turns: 7150, Time: 00:22:10

Health: 0/46       AC:  1    Str:  6    XL:     8   Next: 20%
Magic:  9/13       EV: 12    Int: 24    God:
Gold:   176        SH:  0    Dex: 12    Spells: 3/14 levels left

rFire    . . .     SeeInvis .   y - +1 spear (vamp)
rCold    . . .     Gourm    .   (no shield)
rNeg     . . .     Faith    .   a - +0 hat
rPois    .         Spirit   .   (no amulet)
rElec    .         Reflect  .   A - +3 ring of intelligence
rCorr    .         Harm     .   (no ring)
MR       .....                  (no ring)
Stlth    +++.......             (no ring)
HPRegen  0.15/turn              (no ring)
MPRegen  0.13/turn              (no ring)
                                (no ring)
                                (no ring)

@: drained
A: almost no armour, stealthy swim, amphibious, 8 rings, constrict 8, camouflage
1, gelatinous body 1
a: no special abilities


You were on level 6 of the Dungeon.
You were not hungry.

You visited 2 branches of the dungeon, and saw 7 of its levels.

You collected 176 gold pieces.

Inventory:

Hand Weapons
 b - a +2 dagger of electrocution
 y - a +1 vampiric spear (weapon)
Armour
 a - a +0 hat (worn)
Jewellery
 A - a +3 ring of intelligence (left tentacle)
Wands
 d - a wand of disintegration (10)
 o - a wand of iceblast (7)
 r - a wand of scattershot (5)
 B - a wand of paralysis (7)
 D - a wand of flame (37)
Scrolls
 e - 4 scrolls of amnesia
 f - a scroll of enchant weapon
 i - a scroll of remove curse {unknown}
 k - 2 scrolls of enchant armour {unknown}
 m - a scroll of fog {unknown}
 n - 2 scrolls of magic mapping
 q - a scroll of immolation
 x - a scroll of teleportation {unknown}
 z - a scroll of holy word {unknown}
 C - a scroll of identify
Potions
 g - a potion of agility
 h - 2 potions of haste
 j - 2 potions of flight
 l - 3 potions of lignification
 p - 2 potions of heal wounds
 s - a potion of curing
 t - 2 potions of mutation {unknown}
 u - a potion of invisibility
 v - a potion of ambrosia
 w - a potion of brilliance {unknown}
Comestibles
 c - 4 rations


   Skills:
 + Level 0.3(0.0) Fighting
 - Level 2.0(0.9) Dodging
 - Level 5.2(4.0) Stealth
 + Level 3.5(2.4) Spellcasting
 + Level 4.5(3.4) Conjurations
 - Level 3.0(1.9) Summonings
 + Level 3.8(2.7) Translocations
 - Level 3.0(1.9) Air Magic
 - Level 4.0(2.8) Poison Magic
 + Level 0.9(0.0) Evocations


You had 3 spell levels left.
You knew the following spells:

 Your Spells              Type           Power        Failure   Level  Hunger
a - Magic Dart            Conj           ###.         2%          1    None
b - Call Imp              Summ           ##......     8%          2    ##.....
c - Blink                 Tloc           N/A          5%          2    ##.....
d - Mephitic Cloud        Conj/Pois/Air  ###.....     11%         3    ###....
e - Conjure Flame         Conj/Fire      ##......     17%         3    ###....


Dungeon Overview and Level Annotations

Branches:
Dungeon (6/15)             Temple (1/1) D:6

Altars:
Dithmenos
Gozag
Nemelex Xobeh
Zin

Shops:
D:6 *

Annotations:
D:6 Grinder, Pikel


Innate Abilities, Weirdness & Mutations

You cannot wear most types of armour.
You are very stealthy in the water. (Stealth+)
You are amphibious.
You can wear up to eight rings at the same time.
You can use your tentacles to constrict eight enemies at once.
Your skin changes colour to match your surroundings (Stealth+).
Your rubbery body absorbs attacks. (AC +1, EV +1)


Message History

Casting: Blink (safe; 4% risk of failure)
Confirm with . or Enter, or press ? or * to list all spells.
A beastly little devil appears in a puff of frigid air.
The wight hits you with an enchanted scimitar!
You feel drained.
* * * LOW HITPOINT WARNING * * *
The wight barely misses you.
Grinder blinks!
Found 17 gold pieces. 3 gnolls come into view.
The gnoll shouts!
Grinder hits your white imp.
The gnoll hits you from afar with a spear!
* * * LOW HITPOINT WARNING * * *
Your white imp gestures at Grinder.
The puff of frost hits Grinder.
Grinder resists.
Grinder blinks!
The gnoll misses you.
Casting: Call Imp (safe; 8% risk of failure)
Confirm with . or Enter, or press ? or * to list all spells.
You blink.
Grinder hits you!
You die...

##..## *,.##,,,,,,,,,,,*
###....##########<.$#.*****,,,,,,
....$..zzpzz...§......*≈≈≈*,,,,,,
###....#######§5......*≈≈≈*,,,,,,
##.#.# ###gg...#..*≈∩≈*,,,,,*
###.# #.......#*,*≈≈≈*,,,,** #.#
#...g...#*,*≈≈≈*,,,** #.#
#...5...#*,**+**,+** #.#
###..@###*,,,,,,,,* #.* #...#
***,****,**** *,*
##.##*****,****,**,, *,*
#.,,,,,,,,,,,,,,,,* ******,*
##**********,,,,,,, ,,,,,,,*
**,,,,*, ******** **,*,*, *
***,** * *,*


You could see Grinder, 3 gnolls and a friendly white imp.

Vanquished Creatures
  A hornet (D:4)
  The ghost of anet the Ducker, an amateur HaWz (D:4)
  A scorpion (D:5)
  A howler monkey (D:4)
  A hound (D:4)
  4 iguanas
  2 worker ants
  The ghost of HEYYEYAAE the Caller, a weakling DgSu (D:3)
  A hound skeleton (D:4)
  2 gnolls (D:5)
  An ooze (D:3)
  11 dart slugs
  A leopard gecko (D:4)
  4 orcs
  5 giant cockroaches
  3 goblins
  2 hobgoblins
  4 jackals
  6 kobolds
  2 quokkas
  8 bats
  3 frilled lizards
  6 rats
71 creatures vanquished.

Vanquished Creatures (collateral kills)
  Sigmund (D:2)
  A phantom (D:4)
  Blork the orc (D:5)
  A bullfrog (D:6)
  A hound (D:6)
  3 orc priests (D:5)
  A gnoll shaman (D:5)
  A worker ant (D:5)
  A hound zombie (D:5)
  A worker ant zombie (D:5)
  2 gnolls (D:5)
  2 adders
  A shadow imp (D:5)
  An adder skeleton (D:5)
  A dart slug (D:2)
  3 orcs (D:5)
  4 jackals
  A kobold (D:2)
  A quokka (D:2)
  2 frilled lizards
  A goblin (D:2)
31 creatures vanquished.

Grand Total: 102 creatures vanquished

Notes
Turn   | Place    | Note
-------+----------+-------------------------------------------
     0 | D:1      | grindst0ne the Octopode Wizard began the quest for the Orb.
     0 | D:1      | Reached XP level 1. HP: 11/11 MP: 4/4
   195 | D:1      | Reached skill level 3 in Stealth
   248 | D:1      | Reached XP level 2. HP: 16/17 MP: 0/6
   255 | D:1      | Learned a level 2 spell: Call Imp
   258 | D:1      | Learned a level 2 spell: Blink
  1162 | D:2      | Reached XP level 3. HP: 18/21 MP: 7/7
  1188 | D:2      | Reached skill level 4 in Stealth
  1360 | D:2      | Found an opulent altar of Gozag.
  1539 | D:2      | Noticed Sigmund
  1646 | D:2      | Learned a level 3 spell: Mephitic Cloud
  2273 | D:3      | Found a sparkling altar of Nemelex Xobeh.
  2290 | D:3      | Noticed HEYYEYAAE's ghost (weakling DgSu)
  2337 | D:3      | Killed HEYYEYAAE's ghost
  2337 | D:3      | Reached XP level 4. HP: 9/27 MP: 3/8
  3313 | D:4      | Reached skill level 1 in Poison Magic
  3320 | D:4      | Noticed a phantom
  3333 | D:4      | Noticed a hornet
  3536 | D:4      | Killed a hornet
  3536 | D:4      | Reached skill level 5 in Stealth
  3536 | D:4      | Reached skill level 1 in Air Magic
  3536 | D:4      | Reached XP level 5. HP: 25/31 MP: 5/9
  3536 | D:4      | Reached XP level 6. HP: 30/36 MP: 5/10
  3946 | D:2      | Killed Sigmund
  4166 | D:4      | Reached XP level 7. HP: 41/41 MP: 6/11
  4207 | D:4      | Noticed anet's ghost (amateur HaWz)
  4223 | D:4      | Killed anet's ghost
  4822 | D:4      | Found a shadowy altar of Dithmenos.
  5229 | D:5      | Entered Level 5 of the Dungeon
  5291 | D:5      | Learned a level 3 spell: Conjure Flame
  5723 | D:5      | Noticed Blork the orc
  5736 | D:5      | Killed Blork the orc
  5736 | D:5      | Reached XP level 8. HP: 23/46 MP: 6/12
  6744 | D:6      | Found Zin's Purification Station.
  6745 | D:6      | Found a glowing silver altar of Zin.
  6877 | D:6      | Found a staircase to the Ecumenical Temple.
  6883 | D:6      | Noticed Pikel
  6886 | Temple   | Entered the Ecumenical Temple
  7141 | D:6      | Noticed Grinder
  7150 | D:6      | Slain by Grinder

Vault maps used:
D:1:      giann_wishing_wells
D:2:      nicolae_overflow_crystal_walls, first_ration, uniq_sigmund
D:3:      old_standard_altar
D:4:      lemuel_doored_altar
D:5:      kennysheep_slugbush, uniq_blork_the_orc
D:6:      kennysheep_orc_sif_temple, zin_purify,
          minmay_temple_entry_statues_pillars, gup_sewer_entry_glass,
          uniq_pikel, uniq_menkaure, uniq_grinder
Temple:   nicolae_temple_god_jail

Skill      XL: |  1  2  3  4  5  6  7  8 |
---------------+-------------------------+-----
Stealth        | 3 4 5 |  5.2
Conjurations   | 2 3 4 |  4.5
Poison Magic   | 2 3 4 |  4.0
Summonings     | 2 3 |  3.0
Translocations | 2 3 |  3.8
Air Magic      | 1 2 3 |  3.0
Fighting       | |  0.3
Dodging        | |  2.0
Spellcasting   | |  3.5
Evocations     | |  0.9

Action                   |  1- 3 |  4- 6 |  7- 9 || total
-------------------------+-------+-------+-------++-------
Melee: Unarmed           |    93 |       |       ||    93
       Constrict         |    29 |     4 |    22 ||    55
       Tentacles         |     9 |     2 |    12 ||    23
       Dagger            |    18 |    20 |    34 ||    72
       Spear             |       |       |    56 ||    56
 Cast: Magic Dart        |    13 |       |     8 ||    21
       Call Imp          |    12 |    12 |    41 ||    65
       Blink             |       |       |     2 ||     2
Evoke: Wand              |       |     4 |     3 ||     7
  Use: Scroll            |     3 |     2 |     7 ||    12
       Potion            |       |     1 |     1 ||     2
 Stab: Sleeping          |     7 |     4 |    14 ||    25
       Distracted        |       |     1 |     3 ||     4
  Eat: Chunk             |     4 |     1 |     5 ||    10
       Ration            |       |     2 |     3 ||     5
Armor: Skin              |    31 |     1 |     5 ||    37
Dodge: Dodged            |   114 |    15 |    69 ||   198

Table legend:
 A = Spawn XP
 B = Non-spawn XP
 C = Spawn XP percentage of total XP
 D = Spawn monster count
 E = Non-spawn monster count
 F = Spawn count percentage of total count
 G = Total turns spent on level
                    A         B        C        D         E        F      G
               +---------+---------+-------+---------+---------+-------+---------
         Total |       0 |    1431 |   0.0 |       0 |     102 |   0.0 |  7150
               +---------+---------+-------+---------+---------+-------+---------
           D:1 |       0 |      31 |   0.0 |       0 |      19 |   0.0 |  1124
           D:2 |       0 |     207 |   0.0 |       0 |      20 |   0.0 |  1400
           D:3 |       0 |      39 |   0.0 |       0 |       9 |   0.0 |  1561
           D:4 |       0 |     677 |   0.0 |       0 |      15 |   0.0 |  1144
           D:5 |       0 |     408 |   0.0 |       0 |      37 |   0.0 |  1515
           D:6 |       0 |      69 |   0.0 |       0 |       2 |   0.0 |   174
               +---------+---------+-------+---------+---------+-------+---------
